AoeStats
← Jackow

Arabia

509391685Analyzed
1v1 RM · 7d ago on Sep 26, 2026· 45m 45s· 2 players
Game mode
Random Map
Map size
Tiny (2 player)
Population
200
Speed
Normal
Resources
Standard
Victory
Conquest
Starting age
Dark Age
Ending age
Imperial Age
RankedLock teamsTeams togetherTeam positionsShared explorationLock speedFull tech treeHidden civsTurbo modeCheats
Victory
Defeat
🇫🇷 Saxons · France
1456
+18
🇩🇪 Persians · Germany
1498
-18
HarryMac_Roldi
6:25 Loom
8:42 Feudal Age
9:46 Man-at-Arms
14:38 Double-Bit Axe
21:32 Castle Age
20:05 Scale Mail Armor
20:25 Gold Mining
20:18 Horse Collar
21:56 Forging
23:28 Bow Saw
26:21 Fletching
27:14 Padded Archer Armor
26:41 Elite Skirmisher
28:06 Wheelbarrow
28:22 Bodkin Arrow
31:38 Ballistics
36:44 Imperial Age
35:04 Leather Archer Armor
36:52 Chain Mail Armor
38:40 Elite Varangian Guard
40:50 Plate Mail Armor
40:56 Iron Casting
43:18 Squires
44:30 Bracer
Jackow
8:40 Feudal Age
6:57 Loom
9:39 Double-Bit Axe
9:37 Horse Collar
22:12 Castle Age
22:07 Town Watch
22:19 Gold Mining
23:02 Bow Saw
24:20 Scale Barding Armor
25:07 Fletching
28:05 Husbandry
29:15 Bloodlines
31:16 Wheelbarrow
32:03 Forging
34:39 Hand Cart
35:41 Gold Shaft Mining
35:00 Stone Mining
36:42 Chain Barding Armor
37:56 Iron Casting
44:34 Imperial Age
44:14 Cavalier
45:49 Plate Barding Armor
Connection lost

Rejoining the realm…

Still unreachable

The connection could not be restored.

Session expired

The server has moved on; the page needs a fresh start.